 Seeded DCSS version 0.30.0-5-g1a98f26d00 (webtiles) character file.

Game seed: 14655264970482968106 (custom seed)

5012 bmack86 the Cleaver (level 10, -1/96 HPs)
             Began as a Minotaur Fighter on May 7, 2023.
             Was a Priest of Okawaru.
             Slain by an orc knight
             ... wielding a +3 trident
              (6 damage)
             ... in a bailey on May 8, 2023.
             The game lasted 00:17:12 (5310 turns).

bmack86 the Cleaver (Minotaur Fighter)              Turns: 5310, Time: 00:17:12

Health: -1/96      AC: 19    Str: 25    XL:     10   Next: 29%
Magic:  7/12       EV:  9    Int: 12    God:    Okawaru [***...]
Gold:   560        SH:  7    Dex: 10    Spells: 9/9 levels left

rFire   x . .        e - +5 war axe "Asocinaikk" {flame, *Rage rElec rPois Int+4}
rCold   . . .        c - +0 buckler
rNeg    + . .        h - +0 plate armour of the Endless Expanse {-Tele rN+ Int+3}
rPois   +            (helmet restricted)
rElec   +            (no cloak)
rCorr   .            g - +0 pair of gloves
SInv    .            (no boots)
Will    .....        (no amulet) Stlth
                     k - ring of flight
HPRegen 0.36/turn    (no ring)
MPRegen 0.13/turn

%: no teleportation, random rage (20%)
@: mighty, heroic, on berserk cooldown, flying, slowed, very slow
A: horns 2, retaliatory headbutt, iridescent scales 1, robust 1, wild magic 1,
heat vulnerability 1
a: Renounce Religion, Heroism


You were in a bailey.
You worshipped Okawaru.
Okawaru was most pleased with you.
You visited 2 branches of the dungeon, and saw 9 of its levels.
You also visited: Sewer and Bailey.

You collected 560 gold pieces.

Inventory:

Hand Weapons
 a - a +1 war axe
 e - the +5 war axe "Asocinaikk" (weapon) {flame, *Rage rElec rPois Int+4}
   (You acquired it on level 2 of the Dungeon)

   Int:       It affects your intelligence (+4).
   rElec:     It insulates you from electricity.
   rPois:     It protects you from poison.
   *Rage:     It berserks you when you make melee attacks (+20% chance).
Missiles
 f - 2 boomerangs (quivered)
 l - 2 javelins
 p - 12 poisoned darts
Armour
 c - a +0 buckler (worn)
 g - a +0 pair of gloves (worn)
 h - the +0 plate armour of the Endless Expanse (worn) {-Tele rN+ Int+3}
   (You acquired it on level 2 of the Dungeon)

   Int:       It affects your intelligence (+3).
   rN:        It protects you from negative energy.
   -Tele:     It prevents most forms of teleportation.
Jewellery
 k - a ring of flight (left hand)
Wands
 b - a wand of paralysis (12)
 u - a wand of flame (63)
 y - a wand of digging (4)
Scrolls
 j - 3 scrolls of enchant weapon
 m - 5 scrolls of identify
 v - a scroll of blinking
 w - a scroll of fog
 x - a scroll of teleportation
Potions
 d - 2 potions of might
 i - 7 potions of heal wounds
 n - 2 potions of brilliance
 o - a potion of flight
 q - 4 potions of curing
 r - 2 potions of haste
 s - a potion of cancellation
 t - 2 potions of magic
 z - 3 potions of invisibility


   Skills:
 + Level 7.8(12.8) Fighting
 * Level 10.2(15.2) Axes
 + Level 5.5(10.5) Throwing
 + Level 7.9(12.9) Armour
 + Level 8.0(13.0) Shields
 + Level 5.3 Invocations


You had 9 spell levels left.
You didn't know any spells.
Your spell library contained the following spells:

 Spells                   Type           Power      Damage    Failure   Level
 Foxfire                  Conj/Fire      0%         2x1d4     98%         1
 Fireball                 Conj/Fire      0%         3d3       100%        5
 Plasma Beam              Fire/Air       0%         2x1d11    100%        6
 Starburst                Conj/Fire      0%         6d3       100%        6


Dungeon Overview and Level Annotations

Branches:
Dungeon (8/15)             Temple (1/1) D:4           Sewer (visited)
 Bailey (1/1)
   Lair: D:8-11

Altars:
Dithmenos
Elyvilon
Fedhas
Gozag
Kikubaaqudgha
Nemelex Xobeh
Okawaru
Qazlal
Ru
Sif Muna
Wu Jian
Zin

Shops:
D:3 (   D:7 ::*


Innate Abilities, Weirdness & Mutations

You have a pair of horns on your head.
You reflexively headbutt those who attack you in melee.
You are partially covered in iridescent scales. (AC +2)
You are robust. (+10% HP)
Your spells are a little harder to cast, but a little more powerful.
You are vulnerable to heat. (rF-)


Message History

Unknown command.
You slice the orc knight!! You burn the orc knight!
The orc knight is almost dead.
The orc knight barely misses you. The orc warrior completely misses you.
The orc hits you but does no damage.
The orc knight hits you with a +0 bardiche.
The orc knight hits you from afar with a +3 trident.
Unknown command.
You hit the orc knight. You burn the orc knight.
You kill the orc knight!
Okawaru accepts your kill.
Your base Shields skill increases to level 8!
Unknown command.
An orc warrior comes into view. It is wielding a +0 glaive.
You block the orc's attack.
Things that are here:
a +0 bardiche; a +0 chain mail Unknown command.
You feel a strong urge to attack something.
You are no longer berserk.
You are exhausted.
You feel yourself slow down.
The orc knight hits you but does no damage.
The orc warrior hits you from afar with a +0 glaive.
You block the orc's attack.
The orc warrior hits you from afar with a +0 glaive!
The orc knight hits you from afar with a +3 trident.
The orc closely misses you.
Things that are here:
a +0 bardiche; a +0 chain mail You block the orc's attack.
The orc knight hits you from afar with a +0 halberd!
* * * LOW HITPOINT WARNING * * *
The orc warrior hits you from afar with a +0 glaive!!
* * * LOW HITPOINT WARNING * * *
The orc hits you but does no damage.
Things that are here:
a +0 trident; an orc corpse The orc knight hits you with a +3 trident.
You die...

####### ####### ###
#.....#########o....###....
)))....#.....#...o...'.....
))##...'.....'.)#o...'.....
).8....'.....')o@))..o.....
))##...'.....'))#....'.....
.......#.....#..o....'.....
#.....#########.....###....
####### ####### ###


You could see 2 orc knights, an orc warrior and 2 orcs.

Vanquished Creatures
  A two-headed ogre (D:7)
  Pikel (D:6)
  An orc knight (Bailey)
  Grinder (D:6)
  Sigmund (D:6)
  4 yaks (D:5)
  3 water moccasins
  Pargi (Sewer)
  4 orc warriors
  A sky beast (D:6)
  A black bear (D:6)
  2 ogres
  A kobold brigand (D:7)
  A lemure (D:6)
  Blork the orc (D:6)
  A scorpion (D:5)
  5 wights (D:5)
  4 killer bees (D:8)
  3 hounds
  A gnoll bouda (D:5)
  3 orc priests
  6 iguanas
  Natasha (D:2)
  3 orc wizards
  A sleepcap (D:5)
  Robin (D:2)
  11 adders
  8 gnolls
  2 shadow imps
  2 white imps
  2 ufetubi
  2 dart slugs
  2 worms
  29 orcs
  5 bats
  5 endoplasms
  2 giant cockroaches
  14 goblins
  11 hobgoblins
  6 quokkas
  4 ball pythons
  3 frilled lizards
  3 kobolds (D:7)
  5 rats
169 creatures vanquished.

Notes
Turn   | Place    | Note
-------+----------+-------------------------------------------
     0 | D:1      | bmack86 the Minotaur Fighter began the quest for the Orb.
     0 | D:1      | Reached XP level 1. HP: 19/19 MP: 0/0
   107 | D:1      | Found a faded altar of an unknown god.
   162 | D:1      | Reached XP level 2. HP: 27/27 MP: 1/1
   265 | D:1      | Reached skill level 3 in Axes
   765 | D:2      | Identified 2 scrolls of acquirement
   765 | D:2      | Acquired the +5 war axe "Asocinaikk" {flame, *Rage rElec
                  | rPois Int+4}
   768 | D:2      | Acquired the +0 plate armour of the Endless Expanse {-Tele
                  | rN+ Int+3}
   791 | D:2      | Noticed Robin
   796 | D:2      | Reached XP level 3. HP: 33/33 MP: 2/2
   802 | D:2      | Killed Robin
   932 | D:2      | Noticed Natasha
   939 | D:2      | Killed Natasha
   940 | D:2      | Reached skill level 1 in Throwing
   940 | D:2      | Reached XP level 4. HP: 40/40 MP: 3/3
  1120 | D:2      | Upgraded the game from 0.30.0 to 0.30.0-5-g1a98f26d00
  1361 | D:3      | Found an iron altar of Okawaru.
  1366 | D:3      | Became a worshipper of Warmaster Okawaru
  1412 | D:3      | Reached skill level 4 in Axes
  1453 | D:3      | Gained mutation: You are vulnerable to heat. (rF-) [potion
                  | of mutation]
  1453 | D:3      | Gained mutation: Your spells are a little easier to cast,
                  | but a little less powerful. [potion of mutation]
  1453 | D:3      | Gained mutation: You are agile. (Dex +4, Str/Int -1)
                  | [potion of mutation]
  1453 | D:3      | Gained mutation: Your natural rate of healing is unusually
                  | fast. [potion of mutation]
  1513 | D:3      | Found Xeshrocs's Antique Weapon Shoppe.
  1743 | D:3      | Found an opulent altar of Gozag.
  1749 | D:3      | Reached XP level 5. HP: 47/47 MP: 4/4
  1867 | D:4      | Reached skill level 1 in Invocations
  1916 | D:4      | Found a blossoming altar of Fedhas.
  2148 | D:4      | Noticed an ogre
  2155 | D:4      | Killed an ogre
  2155 | D:4      | Reached * piety under Okawaru
  2156 | D:4      | Reached XP level 6. HP: 51/53 MP: 4/6
  2174 | D:4      | Found a staircase to the Ecumenical Temple.
  2203 | Temple   | Entered the Ecumenical Temple
  2383 | D:4      | Reached skill level 5 in Axes
  2495 | D:5      | Entered Level 5 of the Dungeon
  2512 | D:5      | Found a shimmering blue altar of Sif Muna.
  2560 | D:5      | Noticed a yak
  2562 | D:5      | Noticed a yak
  2562 | D:5      | Noticed a yak
  2562 | D:5      | Noticed a yak
  2568 | D:5      | Killed a yak
  2569 | D:5      | Reached skill level 5 in Fighting
  2569 | D:5      | Reached skill level 5 in Shields
  2569 | D:5      | Reached XP level 7. HP: 61/61 MP: 4/7
  2570 | D:5      | Killed a yak
  2571 | D:5      | Reached skill level 5 in Armour
  2575 | D:5      | Killed a yak
  2576 | D:5      | Reached skill level 6 in Axes
  2577 | D:5      | Killed a yak
  2577 | D:5      | Reached ** piety under Okawaru
  2586 | D:5      | Reached XP level 8. HP: 69/69 MP: 6/9
  2608 | D:5      | Found an ancient bone altar of Kikubaaqudgha.
  2656 | D:5      | Reached skill level 7 in Axes
  2919 | D:5      | Found an ornate altar of the Wu Jian Council.
  3002 | D:6      | Found a stormy altar of Qazlal.
  3010 | D:6      | Found a shadowy altar of Dithmenos.
  3011 | D:6      | Noticed Pikel
  3028 | D:6      | Killed Pikel
  3028 | D:6      | Reached *** piety under Okawaru
  3029 | D:6      | Reached skill level 8 in Axes
  3029 | D:6      | Reached XP level 9. HP: 78/78 MP: 7/10
  3115 | D:6      | Noticed Sigmund
  3124 | D:6      | Killed Sigmund
  3139 | D:6      | Found a sparkling altar of Nemelex Xobeh.
  3435 | D:6      | Found a glowing drain.
  3444 | Sewer    | Entered a sewer
  3472 | Sewer    | Noticed Pargi
  3480 | Sewer    | Killed Pargi
  3480 | Sewer    | Received a gift from Okawaru
  3507 | Sewer    | Lost mutation: Your spells are a little easier to cast, but
                  | a little less powerful. [potion of mutation]
  3507 | Sewer    | Lost mutation: You are agile. (Dex +4, Str/Int -1) [potion
                  | of mutation]
  3507 | Sewer    | Lost mutation: Your natural rate of healing is unusually
                  | fast. [potion of mutation]
  3507 | Sewer    | Gained mutation: You are robust. (+10% HP) [potion of
                  | mutation]
  3507 | Sewer    | Gained mutation: Your spells are a little harder to cast,
                  | but a little more powerful. [potion of mutation]
  3507 | Sewer    | Gained mutation: You are partially covered in iridescent
                  | scales. (AC +2) [potion of mutation]
  3696 | D:6      | Noticed Blork the orc
  3712 | D:6      | Killed Blork the orc
  3891 | D:6      | Noticed Grinder
  3895 | D:6      | Killed Grinder
  4115 | D:6      | Reached skill level 9 in Axes
  4380 | D:7      | Reached **** piety under Okawaru
  4413 | D:7      | Noticed a two-headed ogre
  4420 | D:7      | Killed a two-headed ogre
  4421 | D:7      | Reached skill level 5 in Throwing
  4518 | D:7      | Found Zin's Purification Station.
  4518 | D:7      | Found a glowing silver altar of Zin.
  4537 | D:7      | Found Lisoffis's Book Boutique.
  4617 | D:7      | Found Pionib's Book Boutique.
  4695 | D:7      | Reached skill level 5 in Invocations
  4695 | D:7      | Reached XP level 10. HP: 94/94 MP: 12/12
  4696 | D:7      | Found a white marble altar of Elyvilon.
  4975 | D:8      | Found a sacrificial altar of Ru.
  5038 | D:8      | Found a flagged portal.
  5054 | Bailey   | Entered a bailey
  5189 | Bailey   | Reached skill level 10 in Axes
  5290 | Bailey   | Noticed an orc knight
  5290 | Bailey   | Noticed an orc knight
  5295 | Bailey   | Noticed an orc knight
  5305 | Bailey   | Killed an orc knight
  5310 | Bailey   | Slain by an orc knight

Illustrated notes

Levels and vault maps discovered:
D:1:      dpeg_arrival_round_a, layout_loops_ring, basic_ecumenical_altar,
          serial_bayou_ford_a, minmay_tall_x
D:2:      layout_loops_ring, minivault_24, uniq_natasha, uniq_robin
D:3:      layout_rooms, mainiacjoe_overflow_big_doors, serial_shops,
          nicolae_shop_back_alley_shop
D:4:      layout_loops_ring, fedhas_altar_3, minmay_temple_entry_large_hall
D:5:      layout_rooms, nicolae_sif_muna_little_library,
          nicolae_overflow_hidden_temple, overflow_temple_1_default
D:6:      layout_loops_corners, mainiacjoe_overflow_large_starburst,
          nemelex_spade_bored_becter, portal_sewer_entry_d,
          nicolae_concentric_dashed_squares_mild, uniq_blork_the_orc,
          uniq_sigmund, uniq_grinder, uniq_pikel
D:7:      layout_cave_pools, elyvilon_altar_3, zin_purify, serial_shops, shop,
          shop, serial_rivers, chequers_serial_rivers_micro_b,
          chequers_serial_rivers_micro_b, chequers_serial_rivers_small_b,
          chequers_serial_rivers_room_b, chequers_serial_rivers_room_a
D:8:      layout_loops_ring, nicolae_ru_sacrificial_ziggurat, enter_bailey_2,
          serial_shops, kennysheep_little_box
Temple:   nicolae_temple_superstar
Bailey:   bailey_polearm_5, bailey

Skill      XL: |  1  2  3  4  5  6  7  8  9 10 |
---------------+-------------------------------+-----
Axes           | 3 4 5 6 8 9 10 | 10.2
Fighting       | 4 5 6 7 |  7.8
Armour         | 4 5 6 7 |  7.9
Shields        | 4 5 6 7 8 |  8.0
Throwing       | 1 2 3 4 5 |  5.5
Invocations    | 1 2 3 5 |  5.3

Action                     |  1- 3 |  4- 6 |  7- 9 | 10-12 || total
---------------------------+-------+-------+-------+-------++-------
  Melee: War axe           |    50 |    60 |   136 |    43 ||   289
         Headbutt          |     6 |     6 |    16 |     5 ||    33
  Throw: Boomerang         |     3 |    10 |     1 |       ||    14
 Invoke: Heroism           |       |     1 |     3 |     3 ||     7
         Finesse           |       |       |       |     1 ||     1
    Use: Scroll            |     6 |     9 |     2 |     2 ||    19
         Potion            |       |     1 |     1 |     1 ||     3
 Armour: Scale mail        |    23 |       |       |       ||    23
         Plate armour      |    18 |    41 |    97 |    54 ||   210
  Dodge: Dodged            |    25 |    22 |    57 |    46 ||   150
  Block: Buckler           |    13 |    10 |    43 |    31 ||    97
